 Dungeon Crawl Stone Soup version 0.27-a0-1147-gb3d8e82157 (webtiles) character file.

Game seed: 2511907166376349976

72 st0uf the Digger (level 4, 0/24 HPs)
             Began as a Gargoyle Earth Elementalist on May 11, 2021.
             Slain by Crazy Yiuf
             ... wielding a +2 quarterstaff of chaos
              (1 damage)
             ... on level 2 of the Dungeon.
             The game lasted 00:04:50 (1503 turns).

st0uf the Digger (Gargoyle Earth Elementalist)      Turns: 1503, Time: 00:04:50

Health: 0/24       AC:  5    Str: 11    XL:     4   Next: 25%
Magic:  6/7        EV: 16    Int: 17    God:
Gold:   55         SH:  0    Dex: 10    Spells: 4/7 levels left

rFire    . . .     SeeInvis .   f - +2 dagger (venom)
rCold    . . .     Faith    .   (no shield)
rNeg     + . .     Spirit   .   c - +0 robe
rPois    ∞         Reflect  .   (no helmet)
rElec    +         Harm     .   (no cloak)
rCorr    .         Rampage  .   (no gloves)
Will     .....                  (no boots)
Stlth    ++........             (no amulet)
HPRegen  0.08/turn              h - +4 ring of evasion
MPRegen  0.10/turn              (no ring)

@: no status effects
A: sickness immunity, AC +3, negative energy resistance 1, electricity
resistance, torment resistance 1, petrification resistance
a: no special abilities


You were on level 2 of the Dungeon.
You visited 1 branch of the dungeon, and saw 2 of its levels.

You collected 55 gold pieces.

Inventory:

Hand Weapons
 f - a +2 dagger of venom (weapon)
Missiles
 b - 50 stones
 g - 14 poisoned darts (quivered)
Armour
 c - a +0 robe (worn)
Jewellery
 h - a +4 ring of evasion (left hand)
Scrolls
 d - a scroll of enchant weapon {unknown}
 e - 2 scrolls of immolation {unknown}
 i - a scroll of identify {unknown}
 k - a scroll of amnesia {unknown}
Potions
 a - a potion of degeneration {unknown}
 j - 2 potions of heal wounds {unknown}


   Skills:
 + Level 1.3 Armour
 + Level 2.0 Dodging
 + Level 2.7 Stealth
 + Level 2.3 Spellcasting
 + Level 1.2 Transmutations
 * Level 4.5 Earth Magic


You had 4 spell levels left.
You knew the following spells:

 Your Spells              Type           Power      Damage    Failure   Level
a - Sandblast             Erth           34%        2d9       3%          1
b - Passwall              Tmut/Erth      9%         N/A       9%          2

Your spell library contained the following spells:

 Spells                   Type           Power      Damage    Failure   Level
 Stone Arrow              Conj/Erth      18%        3d8       22%         3
 Petrify                  Tmut/Erth      11%        N/A       50%         4
 Lee's Rapid Deconstruct  Erth           8%         3d8*      63%         5


Dungeon Overview and Level Annotations

Branches:
Dungeon (2/15)

Altars:

Annotations:
D:2 Crazy Yiuf


Innate Abilities, Weirdness & Mutations

You are immune to sickness and miasma.
Your stone body is resilient. (AC +3)
You are immune to poison.
You resist negative energy. (rN+)
You are resistant to electric shocks. (rElec)
You are resistant to unholy torment.
You are immune to petrification.


Message History

Things that are here:
a +0 dagger; a +0 robe
Things that are here:
a +0 dagger; a +0 robe A rat comes into view.
Found a stone staircase leading up.
An adder comes into view.
You hit the rat.
You kill the rat!
Found a ring mail.
Found a mace.
Found a runed translucent door.
Crazy Yiuf shouts!
As you open the door, it creaks loudly!
Casting: Sandblast (safe; 3% risk of failure)
Confirm with . or Enter, or press ? or * to list all spells.
Aiming: Sandblast (safe; 3% risk of failure)
Press: ? - help, Shift-Dir - straight line, f - Crazy Yiuf
Aim: Crazy Yiuf, wielding a +2 quarterstaff of chaos and wearing a +0 cloak (82% to hit)
The blast of sand hits Crazy Yiuf but does no damage.
b - 50 stones Crazy Yiuf says, "Island sanguine snail!"
You hit Crazy Yiuf but do no damage.
Crazy Yiuf is poisoned.
Crazy Yiuf barely misses you.
You barely miss Crazy Yiuf.
Crazy Yiuf laughs, "Walk bush canine!"
Crazy Yiuf drinks a potion.
Crazy Yiuf is healed!
Crazy Yiuf looks more healthy.
You hit Crazy Yiuf.
Crazy Yiuf is poisoned.
Crazy Yiuf is lightly wounded.
Crazy Yiuf hits you with a +2 quarterstaff of chaos.
Space warps horribly around you!
Ouch! That really hurt!
* * * LOW HITPOINT WARNING * * *
Unknown command.
You hit Crazy Yiuf.
Crazy Yiuf looks as sick as possible!
Crazy Yiuf is lightly wounded.
Crazy Yiuf hits you with a +2 quarterstaff of chaos.
* * * LOW HITPOINT WARNING * * *
Crazy Yiuf burns you.
You die...

####### #.....#
####.....#
.........# ###
###### .........#
#)..### ##P#..##
.###.....#
#...g@####PP....#
.# #.....#
#...##..#..P....#
## ####)## ###
###.#..#.#.# #.##
########.# ##..#
#.# #...######
#.# ##........#
#.# #.........#
##.#
#####.#.......#
#..#


You could see Crazy Yiuf (extremely poisoned).

Vanquished Creatures
  Terence (D:2)
  Jessica (D:2)
  A worm (D:2)
  3 bats (D:1)
  An endoplasm (D:2)
  2 hobgoblins (D:1)
  3 quokkas (D:1)
  A ball python (D:1)
  2 frilled lizards
  A kobold (D:1)
  2 rats
18 creatures vanquished.

Notes
Turn   | Place    | Note
-------+----------+-------------------------------------------
     0 | D:1      | st0uf the Gargoyle Earth Elementalist began the quest for
                  | the Orb.
     0 | D:1      | Reached XP level 1. HP: 10/10 MP: 3/3
   198 | D:1      | Reached XP level 2. HP: 15/15 MP: 5/5
   204 | D:1      | Learned a level 2 spell: Passwall
   217 | D:1      | Reached skill level 4 in Earth Magic
   257 | D:1      | Found a faded altar of an unknown god.
  1033 | D:2      | Noticed Terence
  1081 | D:2      | Killed Terence
  1082 | D:2      | Reached skill level 1 in Armour
  1082 | D:2      | Reached skill level 1 in Transmutations
  1082 | D:2      | Reached XP level 3. HP: 9/19 MP: 0/6
  1286 | D:2      | Noticed Jessica
  1295 | D:2      | Killed Jessica
  1296 | D:2      | Reached XP level 4. HP: 14/24 MP: 4/7
  1494 | D:2      | Found a runed translucent door.
  1495 | D:2      | Noticed Crazy Yiuf
  1502 | D:2      | HP: 1/24 [Crazy Yiuf/+2 quarterstaff of chaos (17)]
  1503 | D:2      | Slain by Crazy Yiuf

Illustrated notes

Levels and vault maps discovered:
D:1:      minmay_arrival_glassed_features, layout_loops_ring,
          ebering_ecumenical_altar_rust, hangedman_glass_teeth,
          lemuel_old_faithful
D:2:      layout_rooms, uniq_crazy_yiuf_cottage, uniq_jessica, uniq_sigmund,
          uniq_terence

Skill      XL: |  1  2  3 |
---------------+----------+-----
Earth Magic    | 4 |  4.5
Armour         | 1 |  1.3
Transmutations | 1 |  1.2
Dodging        | 2 |  2.0
Stealth        | |  2.7
Spellcasting   | |  2.3

Action                   |  1- 3 |  4- 6 || total
-------------------------+-------+-------++-------
Melee: Unarmed           |    13 |       ||    13
       Dagger            |    15 |     5 ||    20
Throw: Dart              |     4 |       ||     4
 Cast: Sandblast         |    16 |     1 ||    17
       Passwall          |     2 |       ||     2
 Stab: Sleeping          |     1 |       ||     1
Armor: Robe              |     9 |       ||     9
Dodge: Dodged            |    17 |     1 ||    18

Table legend: (Time is in decaauts)
 A = Elapsed time spent in this place.
 B = Non-inter-level travel time spent in this place.
 C = Inter-level travel time spent in this place.
 D = Time resting spent in this place.
 E = Time spent auto-exploring this place.
 F = Levels seen in this place.
 G = Mean time per level.
                   A        B        C        D        E       F      G
               +--------+--------+--------+--------+--------+-----+--------+
         Total |   1501 |   1456 |     45 |    292 |    927 |   2 |  750.5 |
       Dungeon |   1501 |   1456 |     45 |    292 |    927 |   2 |  750.5 |
               +--------+--------+--------+--------+--------+-----+--------+

Top non-repeatable levels by time:
     D:1: 829 daAuts
     D:2: 672 daAuts
